 Dungeon Crawl Stone Soup version 0.30.1-11-g7821555f0a (webtiles) character file.

Game seed: 18326426329764671459

305 SacredBeard the Grave Robber (level 6, -2/44 HPs)
             Began as a Demonspawn Necromancer on Nov 15, 2023.
             Succumbed to a scorpion's poison
             ... on level 4 of the Dungeon.
             The game lasted 00:07:07 (4151 turns).

SacredBeard the Grave Robber (DsNe)                 Turns: 4151, Time: 00:07:07

Health: -2/44      AC:  6    Str:  9    XL:     6   Next: 15%
Magic:  3/10       EV: 12    Int: 16    God:
Gold:   207        SH:  0    Dex: 15    Spells: 10/11 levels left

rFire   + . .        g - +1 dagger (freeze)
rCold   . . .        (no shield)
rNeg    . . .        a - +0 robe
rPois   .            (helmet restricted)
rElec   .            (no cloak)
rCorr   .            w - +0 pair of gloves
SInv    .            (no boots)
Will    .....        h - amulet of guardian spirit
Stlth   ++           (no ring)
HPRegen 0.27/turn    (no ring)
MPRegen 0.12/turn

%: guardian spirit
@: lethally poisoned (-2 -> -11)
A: horns 1, molten scales 2, fire resistance 1, sense surroundings 1, screaming
1
a: no special abilities


You were on level 4 of the Dungeon.
You visited 1 branch of the dungeon, and saw 4 of its levels.

You collected 207 gold pieces.

Inventory:

Hand Weapons
 f - a +0 spear
 g - a +1 dagger of freezing (weapon)
 A - a +4 dagger
Missiles
 c - 25 stones
Armour
 a - a +0 robe (worn)
 w - a +0 pair of gloves (worn)
Jewellery
 h - an amulet of guardian spirit (around neck)
 u - an amulet of faith
 y - a ring of protection from cold
Scrolls
 i - 4 scrolls of teleportation {unknown}
 j - 6 scrolls of identify {unknown}
 k - a scroll of fear {unknown}
 l - a scroll of enchant weapon {unknown}
 m - a scroll of torment {unknown}
 n - a scroll of immolation {unknown}
 p - 2 scrolls of poison {unknown}
 q - 2 scrolls of acquirement {unknown}
 t - a scroll of amnesia {unknown}
Potions
 d - a potion of mutation
 e - a potion of attraction {unknown}
 o - a potion of cancellation {unknown}
 r - a potion of berserk rage {unknown}
 s - a potion of invisibility {unknown}
 v - a potion of curing {unknown}
 x - a potion of ambrosia {unknown}
 z - a potion of might {unknown}


   Skills:
 + Level 1.8 Fighting
 + Level 1.3 Throwing
 + Level 1.7 Armour
 + Level 2.4 Dodging
 + Level 2.5 Stealth
 * Level 3.2 Spellcasting
 * Level 5.5 Necromancy


You had 10 spell levels left.
You knew the following spells:

 Your Spells              Type           Power      Damage    Failure   Level
a - Necrotise             Necr           80%        1d8       1%          1

Your spell library contained the following spells:

 Spells                   Type           Power      Damage    Failure   Level
 Sublimation of Blood     Necr           20%        N/A       2%          2
 Vampiric Draining        Necr           20%        2d7       5%          3
 Apportation              Tloc           4%         N/A       19%         1
 Slow                     Hex            8%         N/A       19%         1
 Summon Small Mammal      Summ           8%         N/A       19%         1
 Animate Dead             Necr           20%        N/A       19%         4
 Ensorcelled Hibernation  Hex/Ice        4%         N/A       28%         2
 Passwall                 Tmut/Erth      1%         N/A       28%         2
 Wereblood                Tmut           2%         N/A       28%         2
 Agony                    Necr           20%        N/A       45%         5
 Confusing Touch          Hex            2%         N/A       50%         3
 Swiftness                Air            2%         N/A       50%         3
 Summon Hydra             Summ           1%         N/A       100%        7


Dungeon Overview and Level Annotations

Branches:
Dungeon (4/15) Zot: 19850
 Temple: D:4-7

Altars:

Shops:
D:3 [


Innate Abilities, Weirdness & Mutations

You have a pair of small horns on your head.
You are mostly covered in molten scales. (AC +3)
Your flesh is heat resistant. (rF+)
You passively map a small area around you.
You occasionally shout uncontrollably at your foes.


Message History

The scorpion stings you.
* * * LOW HITPOINT WARNING * * *
The orc wizard hits you but does no damage.
You hit the orc wizard. You freeze the orc wizard.
You kill the orc wizard!
The scorpion stings you but does no damage.
Unknown command.
You hit the scorpion but do no damage. Your headbutt misses the scorpion.
The scorpion stings you but does no damage.
Casting: Necrotise (safe; 1% risk of failure)
Confirm with . or Enter, or press ? or * to list all spells.
Aiming: Necrotise (safe; 1% risk of failure)
Press: ? - help, Shift-Dir - straight line, f - scorpion
Aim: a scorpion (chance to affect: 78%)
The scorpion writhes in agony.
The scorpion barely misses you. Magic courses through your body.
The scorpion barely misses you. The scorpion stings you.
* * * LOW HITPOINT WARNING * * *
Casting: Necrotise (safe; 1% risk of failure)
Confirm with . or Enter, or press ? or * to list all spells.
Aiming: Necrotise (safe; 1% risk of failure)
Press: ? - help, Shift-Dir - straight line, f/p - scorpion
Aim: a scorpion (moderately wounded, chance to affect: 78%)
The scorpion writhes in agony.
The scorpion stings you.
* * * LOW HITPOINT WARNING * * *
Casting: Necrotise (safe; 1% risk of failure)
Confirm with . or Enter, or press ? or * to list all spells.
Aiming: Necrotise (safe; 1% risk of failure)
Press: ? - help, Shift-Dir - straight line, f/p - scorpion
Aim: a scorpion (heavily wounded, chance to affect: 78%)
The scorpion writhes in agony!
The scorpion stings you.
You are lethally poisoned!
The scorpion poisons you!
Casting: Necrotise (safe; 1% risk of failure)
Confirm with . or Enter, or press ? or * to list all spells.
Aiming: Necrotise (safe; 1% risk of failure)
Press: ? - help, Shift-Dir - straight line, f/p - scorpion
Aim: a scorpion (almost dead, chance to affect: 78%)
The scorpion writhes in agony.
You die...

####.###.##......#.+
,
.......).##........#
**
###........####.#.#
#........### #....,
#........... #.#.# ,
#...)...##... .... ,
#...)...# .. ...
#.......# . , , *
#.@.....# , , *
#....s)..### , , ,
+........#
#........# ,
#.......>#
#........# **
#........# , ,
#........# * , ,


You could see a scorpion.

Vanquished Creatures
  A hound (D:4)
  An orc priest (D:4)
  Jessica (D:3)
  An iguana (D:3)
  An orc wizard (D:4)
  Robin (D:3)
  6 adders
  2 worms (D:2)
  4 dart slugs
  4 orcs
  3 ball pythons
  7 bats
  7 endoplasms
  3 giant cockroaches
  12 goblins
  8 hobgoblins
  2 jackals (D:3)
  4 quokkas
  2 frilled lizards (D:1)
  6 kobolds
  7 rats
83 creatures vanquished.

Vanquished Creatures (collateral kills)
  2 goblins (D:3)
  A kobold (D:1)
3 creatures vanquished.

Grand Total: 86 creatures vanquished

Notes
Turn   | Place    | Note
-------+----------+-------------------------------------------
     0 | D:1      | SacredBeard the Demonspawn Necromancer began the quest for
                  | the Orb.
     0 | D:1      | Reached XP level 1. HP: 13/13 MP: 3/3
   146 | D:1      | Gained mutation: You have a pair of small horns on your
                  | head. [demonic ancestry]
   146 | D:1      | Reached XP level 2. HP: 19/19 MP: 3/5
   500 | D:1      | Reached XP level 3. HP: 5/25 MP: 1/6
  1539 | D:2      | Reached skill level 1 in Fighting
  1629 | D:2      | Reached skill level 1 in Armour
  1629 | D:2      | Gained mutation: You are partially covered in molten
                  | scales. (AC +2) [demonic ancestry]
  1629 | D:2      | Reached XP level 4. HP: 32/32 MP: 2/7
  2454 | D:3      | Noticed Jessica
  2458 | D:3      | Killed Jessica
  2459 | D:3      | Reached skill level 5 in Necromancy
  2735 | D:3      | Found Feroni Fewu's Antique Armour Shoppe.
  3152 | D:3      | Reached XP level 5. HP: 37/37 MP: 6/9
  3289 | D:3      | Noticed Robin
  3294 | D:3      | Reached skill level 1 in Throwing
  3313 | D:3      | Killed Robin
  4124 | D:4      | Gained mutation: You are mostly covered in molten scales.
                  | (AC +3) [demonic ancestry]
  4124 | D:4      | Reached XP level 6. HP: 44/44 MP: 4/10
  4142 | D:4      | Gained mutation: You occasionally shout uncontrollably at
                  | your foes. [potion of mutation]
  4142 | D:4      | Gained mutation: You passively map a small area around you.
                  | [potion of mutation]
  4142 | D:4      | Gained mutation: Your flesh is heat resistant. (rF+)
                  | [potion of mutation]
  4143 | D:4      | HP: 2/44 [orc wizard/puff of flame (2)]
  4148 | D:4      | HP: 1/44 [scorpion (1)]
  4151 | D:4      | Succumbed to a scorpion's poison

Illustrated notes

Levels and vault maps discovered:
D:1:      lightli_arrival_flooded_house, layout_basic
D:2:      layout_loops_corners, kennysheep_cross_room
D:3:      layout_loops_corners, serial_shops, nicolae_shop_advertising_works
          [nicolae_subvault_shop_adworks], uniq_robin, uniq_jessica
D:4:      layout_basic, minmay_misc_feat_doors

Skill      XL: |  1  2  3  4  5 |
---------------+----------------+-----
Stealth        | 2 |  2.5
Dodging        | 2 |  2.4
Fighting       | 1 |  1.8
Armour         | 1 |  1.7
Necromancy     | 5 |  5.5
Spellcasting   | 3 |  3.2
Throwing       | 1 |  1.3

Action                     |  1- 3 |  4- 6 || total
---------------------------+-------+-------++-------
  Melee: Club              |     1 |       ||     1
         Dagger            |    12 |    27 ||    39
         Headbutt          |     1 |     6 ||     7
         Spear             |       |     2 ||     2
  Throw: Stone             |       |     2 ||     2
   Cast: Necrotise         |    64 |   108 ||   172
    Use: Potion            |       |     2 ||     2
 Armour: Robe              |     6 |    17 ||    23
  Dodge: Dodged            |    17 |    29 ||    46
